[Event "3rd Sunway Formentera-A 2024"]
[Site "Formentera"]
[Date "2024.04.16"]
[Round "7.7"]
[White "Prado, Alexandra"]
[Black "Mazet, Julien"]
[Result "0-1"]
[ECO "C41"]
[WhiteElo "1839"]
[BlackElo "2031"]
[Annotator "TA"]
[PlyCount "140"]
[EventDate "2024.04.03"]
[EventType "swiss"]
[EventCountry "ESP"]
[SourceTitle "playchess.com"]
[Source "ChessBase"]
[SourceQuality "1"]
[TimeControl "40/5400+30:1800+30"]

1. e4 d6 2. d4 Nf6 3. Nc3 e5 4. Nf3 Nbd7 5. Rg1 g6 6. g4 Bg7 7. g5 Nh5 8. Be3 {[%emt 0:00:42] White has an edge.} O-O 9. Qd2 c6 (9... f5 $11 {is superior.} 10. exf5 gxf5 (10... Rxf5 11. dxe5 Qf8 12. Bc4+ Kh8 13. e6 $11)) 10. O-O-O $14 Qc7 11. h4 Nb6 (11... b5 $1 $11) 12. dxe5 dxe5 13. Bc5 $36 {[%emt 0:05:52][%mdl 2048] White is really pushing.} Re8 14. Bd6 Qd7 15. b3 Qe6 {[%emt 0:02:37] Hoping for ...Rd8.} 16. Bc5 Bf8 (16... Nd7 $1 $11 {remains equal.} 17. Bc4 Qh3) 17. Bxf8 $16 Kxf8 18. a4 a5 (18... Qe7 $14) 19. Qe3 Nd7 20. Bc4 ({White should play} 20. Nd2 $1 $16) 20... Qe7 $11 21. Kb2 Nc5 22. Qd2 Bh3 (22... Bd7 {simplifies} 23. Qd6 Kg7 24. Qxe7 Rxe7 25. Nd2 Nf4) 23. Qd6 Kg7 24. Nh2 Nf4 25. f3 h5 (25... Qxd6 $15 26. Rxd6 Rad8) 26. gxh6+ $14 Kxh6 27. Qd2 (27. Bxf7 $1 $14 {keeps the upper hand.} Qxd6 28. Rxd6) 27... Rad8 (27... Qxh4 28. Bxf7 Re7 29. Bxg6 $18 (29. Rxg6+ Kh7 $11)) 28. Qe3 Kg7 29. Rxd8 Rxd8 30. Ne2 {[%emt 0:02:43] Inhibits Rd4.} ({Better is} 30. Ng4 $15) 30... Nxe2 (30... Ng2 $6 31. Qc3 $11) (30... b5 $1 $17 31. axb5 (31. Nxf4 bxc4 32. Nxh3 cxb3 $17) 31... Nxe2 (31... cxb5 32. Nxf4 bxc4 33. Nd5 $17) 32. Bxe2 a4) 31. Bxe2 $15 Rh8 32. h5 {[%emt 0:02:53] White is now going downhill.} Rxh5 $17 33. Qc3 b6 34. f4 {[%emt 0:01:07] [#]} Rh4 (34... Nxe4 35. Qxc6 Bd7 36. Qxe4 $17) 35. f5 {[%emt 0:00:46] [#]} (35. Nf3 $17 Rxf4 (35... Nxe4 $2 36. Qxc6 Rxf4 37. Qxb6 $19) 36. Nxe5) 35... Bxf5 $1 36. exf5 Rxh2 37. Bc4 Qf6 38. fxg6 {[%emt 0:00:23] White is weak on the dark squares} fxg6 39. Rf1 {[%emt 0:00:29] [#]} Rf2 40. Rxf2 Qxf2 $19 {[%emt 0:00:00][%mdl 4096] Endgame. KQB-KQN} 41. Qh3 $2 (41. Qxe5+ Qf6 42. Qxf6+ Kxf6 43. Bf1) 41... Qd4+ 42. c3 {[%emt 0:14:33] [#]} (42. Qc3 $142) 42... Nxa4+ $1 43. bxa4 Qxc4 {[%emt 0:00:12] KQ-KQ} 44. Qd7+ Kf6 45. Qd8+ Kf5 46. Qxb6 Qxa4 47. Qf2+ Ke6 48. Qg2 Kf6 ({Less strong is} 48... Qb5+ 49. Kc1 $19) 49. Qf3+ Kg7 50. Qh3 Qb5+ 51. Kc2 Qd5 {[%emt 0:01:54] And now ...e4 would win.} 52. Qh4 Qe6 {[%emt 0:02:30] Prevents Qe7+} 53. Kb2 e4 {[%emt 0:02:41] Strongly threatening ...e3.} 54. Qd8 a4 55. Qd4+ Kh7 56. Qxa4 g5 57. Qa7+ Kg6 {[%emt 0:00:14] ( -> ...e3)} 58. Qd4 Qd5 (58... e3 $142 59. Qd3+ Kh5 60. Qe2+ g4 61. c4 Kg5 (61... Qe5+ $2 62. Kc2 $19) 62. c5 Qe5+ 63. Kb3 g3 (63... Qxc5 $2 64. Qe1 $19) 64. Kc2 Qe4+ (64... Qxc5+ {is a self mate.} 65. Kd3 Qb5+ 66. Kxe3 Qxe2+ 67. Kxe2 Kf4 68. Ke1 Kf3 69. Kd2 g2 70. Kd3 g1=Q 71. Kc3 Qc5+ 72. Kb2 Qb4+ 73. Kc1 Ke2 74. Kc2 c5 75. Kc1 Kd3 76. Kd1 Qd2#) 65. Kc1 Qh1+ 66. Kc2 Qh2 (66... Qe4+ 67. Kb2 g2 68. Qe1 e2 69. Qg3+ Kf6 70. Qf2+ Ke6 71. Qf8 e1=Q 72. Qg8+ Ke5 73. Qh8+ Kf4 74. Qf6+ Kg3 75. Qg7+ Kf2 76. Qf7+ Kg1 77. Qb3 Qd4+ 78. Qc3 Qexc3+ 79. Kb1 Qb2#) 67. Kd3 Qxe2+ 68. Kxe2 Kf4 (68... g2 69. Kxe3 g1=Q+ 70. Ke4 Qxc5 71. Kd3 Kf4 72. Kd2 Ke4 73. Ke2 Qc2+ 74. Ke1 Ke3 75. Kf1 Qf2#) 69. Kf1 Kf3 70. Ke1 g2 71. Kd1 g1=Q+ (71... g1=R+ 72. Kc2 e2 73. Kc3 e1=Q+ 74. Kc4 Qe3 75. Kb4 Ra1 76. Kc4 Ra4#) 72. Kc2 Qa1 (72... e2 73. Kb2 e1=Q 74. Kb3 Qee3+ 75. Kb4 Qb1+ 76. Kc4 Qbe4#) 73. Kb3 e2 74. Kb4 e1=Q+ 75. Kc4 Qec3#) 59. Qh8 g4 {[%emt 0:02:25] Black mates.} 60. Qe8+ Kg5 61. Qe7+ Kf4 62. Qf6+ Kg3 63. Qh6 Qb5+ 64. Kc1 Qf1+ 65. Kb2 Qf2+ 66. Kb3 e3 67. Qxc6 e2 68. Qd6+ Kg2 69. Qd5+ Kg1 70. Qe4 g3 {[%emt 0:25:19] Weighted Error Value: White=0.47/Black=0.20 (precise) .  Mistake:       	White=7     	Black=6      Inaccurate:     	White=5     	---        OK:         	White=9     	Black=18     Best:        	White=1     	Black=3} ({Inferior is} 70... e1=B 71. Qxg4+ Kh2 72. Qh5+ Kg3 73. Qg6+ Kh4 74. Qh6+ Kg4 75. Qg6+ Kh4 76. Qh6+ Kg3 77. Qg7+ Kf3 78. Qf8+ Ke4 79. Qe8+ Kf5 80. Qf7+ Ke5 81. Qe7+ Kf5 82. Qf7+ Ke5 83. Qe7+ Kf5 84. Qf7+ $11) 0-1

[Event "3rd Sunway Formentera-A 2024"]
[Site "Formentera"]
[Date "2024.04.16"]
[Round "7.8"]
[White "Schulman, Julia"]
[Black "Svensen, Tarjei Joten"]
[Result "1/2-1/2"]
[ECO "C02"]
[WhiteElo "1732"]
[BlackElo "2054"]
[Annotator "TA"]
[PlyCount "123"]
[EventDate "2024.04.03"]
[EventType "swiss"]
[EventCountry "ESP"]
[SourceTitle "playchess.com"]
[Source "ChessBase"]
[SourceQuality "1"]
[TimeControl "40/5400+30:1800+30"]

1. e4 e6 2. d4 d5 3. e5 c5 4. c3 Nc6 5. Nf3 Qb6 6. Na3 Bd7 7. Nc2 Rc8 8. a3 a5 9. Be2 Nh6 (9... cxd4 $11 10. Ncxd4 Bc5) 10. Ne3 (10. O-O $16) 10... a4 11. O-O (11. Qxa4 Nxd4 12. Qd1 Nxe2 13. Qxe2 Bb5) 11... Be7 12. Kh1 (12. Qxa4 Nxd4 13. Qd1 Nxe2+ 14. Qxe2 Bc6 $17) ({White should try} 12. Nc2 $11) 12... cxd4 $15 13. cxd4 Na5 14. Nc2 Nf5 15. g4 Nh4 (15... Rxc2 $5 16. Qxc2 Nxd4 17. Nxd4 Qxd4 $17) 16. Nxh4 Bxh4 17. Be3 (17. Rb1 $15) 17... Qxb2 $17 18. Ne1 (18. Bd3 $17) 18... Nb3 (18... Be7 $19 19. Nd3 Qc2) 19. Rb1 Qxa3 20. Nf3 {[%emt 0:00:00] Wards off h6} (20. g5 $17) 20... Be7 $19 21. Bd3 O-O 22. Bc2 Bb5 23. Rg1 Bc4 24. Nd2 Nxd2 25. Bxd2 b5 26. Rg3 {[%emt 0:01:10] [#] Prevents Bd3} Bb3 $1 27. Bxb3 axb3 28. Rgxb3 {[%emt 0:00:26] [#]} Qa4 (28... Qa7 $142 $1 29. Rd3 Qa4) 29. Bb4 (29. Bc3 $142) 29... Bxb4 $17 30. Rxb4 Qxd1+ 31. Rxd1 {[%emt 0:00:03][%mdl 4096] Endgame. KRR-KRR} f6 (31... Rc2 $17 32. Kg2 f6 33. exf6 Rxf6) 32. exf6 $1 $15 Rxf6 33. Rd2 Rf4 34. h3 $1 Rc4 35. Rxb5 Rcxd4 36. Rc2 Rc4 37. Ra2 Rc7 {[%emt 0:01:36] Dodges Rb7} 38. Rb6 Re7 (38... Re4 $17) 39. Re2 e5 40. Rb5 Rd4 41. f3 Kf7 42. Kg2 Rd3 43. h4 Kf6 44. Rb6+ Re6 45. g5+ Kf5 46. Rb7 Kg6 47. f4 $2 (47. h5+ $11 {and White is okay.} Kxh5 48. Rxg7) 47... e4 $19 48. Rf2 Kf5 {[%emt 0:00:21] Hoping for ...e3.} 49. Rxg7 Kg4 $2 ({Better is} 49... e3 $19 50. Re2 Kxf4 51. Rf7+ Kg4) 50. f5 $11 Rg3+ 51. Kf1 $2 (51. Kh2 $15 Rh3+ 52. Kg2) 51... Ra6 $19 52. g6 hxg6 $2 (52... Kxh4 $2 {loses.} 53. Rh2+ (53. gxh7 Ra1+ 54. Ke2 Ra2+ 55. Kd1 Rd3+ 56. Kc1 Rc3+ 57. Kb1 Ra8 58. Rh2+ Rh3) 53... Rh3 54. Rxh7+ (54. gxh7 Ra1+ 55. Ke2 Rxh2+ $18) 54... Kg5 55. R7xh3 $18 (55. R2xh3 Ra1+ 56. Kf2 Ra8 $18)) (52... h5 $19 53. Re7 e3 (53... Kxh4 54. g7 $11) (53... Ra1+ $2 54. Ke2 $19) 54. Rxe3 Rxe3) 53. Rxg6+ $11 {[%emt 0:01:28] The position is equal.} Rxg6 ({Inferior is} 53... Kxh4 54. Rh2+ (54. Rxa6 Rb3 $18) 54... Rh3 55. Rxh3+ Kxh3 56. Rxa6 e3 57. f6 d4 58. f7) 54. fxg6 {[%emt 0:00:03] White wants to mate with Rg2.} Kxh4 $19 {[%emt 0:00:37] KR-KR} 55. Rg2 {[%emt 0:00:46] White threatens Rxg3 and mate.} Rf3+ 56. Ke2 {[%emt 0:00:30] Intending g7 and mate.} Rf8 $1 57. g7 Rg8 58. Ke3 Kh5 59. Kd4 Kh6 60. Kxd5 Rxg7 61. Rxg7 Kxg7 62. Kxe4 {[%emt 0:00:08] Weighted Error Value: White=0.44/Black=0.38.  Loses game:     	White=2     	---        Missed win:     	---       	Black=1      Mistake:       	White=6     	Black=5      Inaccurate:     	White=5     	Black=7      OK:         	White=16    	Black=19     Best:        	White=4     	Black=3      Strong:       	White=2     	Black=1      Brilliant:      	---       	Black=1} 1/2-1/2

[Event "3rd Sunway Formentera-A 2024"]
[Site "Formentera"]
[Date "2024.04.16"]
[Round "7.9"]
[White "Botez, Alexandra"]
[Black "Shimelkov, Vasiliy"]
[Result "0-1"]
[ECO "E10"]
[WhiteElo "1970"]
[BlackElo "2112"]
[Annotator "NA RC"]
[PlyCount "70"]
[EventDate "2024.04.03"]
[EventType "swiss"]
[EventCountry "ESP"]
[SourceTitle "playchess.com"]
[Source "ChessBase"]
[SourceQuality "1"]
[TimeControl "40/5400+30:1800+30"]

1. d4 Nf6 2. c4 e6 3. Nf3 c5 4. d5 b5 5. dxe6 fxe6 6. cxb5 d5 7. e3 Bd6 8. Nc3 Bb7 9. Bd3 O-O 10. Qe2 Nbd7 11. O-O Ng4 12. h3 Nge5 13. Nxe5 Nxe5 14. f4 Nxd3 15. Qxd3 Qh4 16. Qe2 Rf6 17. Qf2 Qh6 18. Ne2 Rg6 19. Kh2 Rf8 20. Ng1 d4 21. g3 e5 22. Ne2 Rf5 23. h4 Rg4 24. exd4 cxd4 25. Bd2 d3 26. Nd4 exd4 27. Kh3 Qg6 28. Rg1 Rh5 29. Rae1 Qf5 30. Kh2 g5 31. Ref1 gxh4 32. gxh4 Kf7 33. Rxg4 Qxg4 34. Be1 d2 35. Qg3 Rxh4+ 0-1

[Event "3rd Sunway Formentera-A 2024"]
[Site "Formentera"]
[Date "2024.04.16"]
[Round "7.10"]
[White "Kazarian, Anna-Maja"]
[Black "Sereinig, Eduard"]
[Result "1-0"]
[ECO "B07"]
[WhiteElo "2207"]
[BlackElo "1990"]
[Annotator "RC"]
[PlyCount "41"]
[EventDate "2024.04.03"]
[EventType "swiss"]
[EventCountry "ESP"]
[SourceTitle "playchess.com"]
[Source "ChessBase"]
[SourceQuality "1"]
[TimeControl "40/5400+30:1800+30"]

1. e4 d6 2. d4 Nf6 3. Nc3 g6 4. Be3 c6 5. a4 Bg7 6. f3 Qa5 7. h4 h5 8. Nh3 Bxh3 9. Rxh3 Nbd7 10. Qd2 O-O 11. Be2 Rad8 12. g4 e5 13. O-O-O b5 14. g5 Nh7 15. axb5 cxb5 16. Kb1 b4 17. Nd5 Rb8 18. Ne7+ Kh8 19. Nc6 Qa4 20. Nxb8 Rxb8 21. Bc4 1-0

[Event "3rd Sunway Formentera-A 2024"]
[Site "Formentera"]
[Date "2024.04.16"]
[Round "7.11"]
[White "Akshit Kumar J"]
[Black "Botez, Andrea"]
[Result "1-0"]
[ECO "B38"]
[WhiteElo "2172"]
[BlackElo "1879"]
[Annotator "RC"]
[PlyCount "103"]
[EventDate "2024.04.03"]
[EventType "swiss"]
[EventCountry "ESP"]
[SourceTitle "playchess.com"]
[Source "ChessBase"]
[SourceQuality "1"]
[TimeControl "40/5400+30:1800+30"]

1. e4 c5 2. Nf3 g6 3. d4 cxd4 4. Nxd4 Nc6 5. c4 Bg7 6. Be3 Qb6 7. Nb3 Qd8 8. Nd4 Qb6 9. Nb3 Qd8 10. Qd2 Nf6 11. f3 O-O 12. Nc3 d6 13. Be2 Be6 14. Rc1 Nd7 15. O-O a5 16. Nb5 a4 17. N3d4 Nc5 18. Rfd1 h5 19. Bh6 Nxd4 20. Nxd4 Bxh6 21. Qxh6 Qb6 22. Rc2 a3 23. b4 Nb3 24. c5 dxc5 25. Nxe6 Qxe6 26. Bc4 Qb6 27. axb3 cxb4+ 28. Kf1 a2 29. Ra1 Qd6 30. Raxa2 b5 31. Rxa8 Qd1+ 32. Kf2 Qxc2+ 33. Kg3 h4+ 34. Kh3 Rxa8 35. Qxg6+ Kh8 36. Qh5+ Kg7 37. Qxf7+ Kh8 38. Qh5+ Kg7 39. Qg5+ Kh7 40. Qxe7+ Kh6 41. Qxh4+ Kg6 42. Qg3+ Kh7 43. Qc7+ Kh8 44. Qe5+ Kh7 45. Qe7+ Kh8 46. Qe5+ Kh7 47. Qxb5 Ra2 48. Qh5+ Kg7 49. Qf7+ Kh6 50. Qf8+ Kh7 51. Bg8+ Kg6 52. Qf7+ 1-0

[Event "3rd Sunway Formentera-A 2024"]
[Site "Formentera"]
[Date "2024.04.16"]
[Round "7.12"]
[White "Tsatsalashvili, Keti"]
[Black "Bauer, Thomas"]
[Result "1-0"]
[ECO "A49"]
[WhiteElo "2315"]
[BlackElo "2192"]
[Annotator "TA"]
[PlyCount "101"]
[EventDate "2024.04.03"]
[EventType "swiss"]
[EventCountry "ESP"]
[SourceTitle "playchess.com"]
[Source "ChessBase"]
[SourceQuality "1"]
[TimeControl "40/5400+30:1800+30"]

1. d4 d6 2. Nf3 g6 3. g3 Nf6 4. Bg2 Bg7 5. O-O O-O 6. Re1 a5 {[%emt 0:07:37] A49: 1 d4 Nf6 2 Nf3 g6 3 g3: Anti-King's Indian systems.} 7. e4 c6 8. e5 $146 ({Predecessor:} 8. Nc3 Na6 9. h3 Nd7 10. e5 dxe5 11. dxe5 Ndc5 12. Qe2 b5 13. Rd1 Qc7 14. a3 {1-0 Ghosh,D (2441)-Srihari,L (2184) IND-ch Rapid 2024 (3)}) 8... dxe5 9. Nxe5 Na6 10. c3 Be6 11. Nd2 Nc7 12. Ndc4 (12. Nb3 $16) 12... Nce8 13. Ne3 a4 (13... Nd6 $11 {keeps the balance.}) 14. Nd3 $16 Bd5 15. Nxd5 cxd5 16. Nc5 a3 17. Nxb7 axb2 18. Bxb2 (18. Nxd8 $2 bxa1=Q (18... bxa1=R 19. Nc6 $15) 19. Nc6 e6 $19 (19... Rxa2 $2 20. Nxe7+ Kh8 21. Nxd5 $19)) 18... Qc7 {[%emt 0:00:26] [#]} 19. Nc5 $1 Nd6 20. a4 e6 21. Ba3 h5 (21... Rfc8 $142) 22. Bb4 $16 h4 23. Qd2 (23. gxh4 Nf5 $16) 23... Nh5 $2 (23... Nf5 $16 {was called for.} 24. a5 Rfb8) 24. Bf1 (24. gxh4 Rfb8 $16) 24... Kh7 25. Bd3 (25. gxh4 $6 Rh8 $16) 25... Rh8 (25... hxg3 $142 26. hxg3 Rfe8) 26. Qg5 $18 ({Not} 26. gxh4 Nf5 $16) 26... hxg3 27. hxg3 Kg8 28. Kg2 Re8 29. a5 Bf6 (29... Bh6 $142 30. Qe5 Bg7) 30. Qg4 $18 Ng7 31. Qf4 Nh5 32. Qf3 Kg7 33. a6 (33. g4 Nf5 34. gxf5 Nf4+ 35. Kg1 Ra8 $16) 33... Nc8 34. Bb5 Reg8 35. Bd7 Kh7 36. Rh1 Kg7 37. Bxe6 Nd6 38. Bxd5 Qa7 39. Nb7 Nb5 40. Bc5 Qb8 41. a7 Qc7 42. Rab1 Nf4+ 43. gxf4 Rxh1 44. Rxh1 Be7 45. Rb1 (45. Qh3 $142 Bxc5 46. Qh7+ (46. Nxc5 Qxa7 47. Nd7 Qxd7 48. Qxd7 Rf8 49. Qe7 Nd6 50. Qe5+ f6 51. Qxd6 Rf7 52. Qe6 Rf8 53. Qe7+ Rf7 54. Qxf7#) 46... Kf6 47. Nxc5 (47. Qxg8 Qxf4 48. Qxf7+ Kg5 49. Qxf4+ Kxf4 50. a8=Q Kf5) 47... Nxc3 48. Qxg8 Nxd5 49. Qh8+ (49. a8=B Nxf4+ 50. Kf3 Nd3 51. Nxd3 Kg5 52. Rg1+ Kf5 53. Re1 Kf6 54. Qh8+ Kg5) 49... Ke7 50. a8=Q (50. a8=B Nxf4+ 51. Kf3 Nd3 $18) (50. Re1+ Ne3+ 51. Rxe3+ Kd6 52. Qe5+ Kc6 53. a8=Q+ Kb5 54. Rb3+ Kc4 55. Qed5#)) 45... Na3 46. Bxa3 Bxa3 47. Nc5 Bxc5 48. dxc5 Qxa7 49. Rb7 Qxc5 50. Rxf7+ Kh6 51. Qh3# 1-0

[Event "3rd Sunway Formentera-A 2024"]
[Site "Formentera"]
[Date "2024.04.16"]
[Round "7.13"]
[White "Vargas Drechsler, Carlos"]
[Black "Cremonini, Stefano"]
[Result "1-0"]
[ECO "D15"]
[WhiteElo "1878"]
[BlackElo "1747"]
[Annotator "NA RC"]
[PlyCount "85"]
[EventDate "2024.04.03"]
[EventType "swiss"]
[EventCountry "ESP"]
[SourceTitle "playchess.com"]
[Source "ChessBase"]
[SourceQuality "1"]
[TimeControl "40/5400+30:1800+30"]

1. Nf3 d5 2. c4 c6 3. d4 Nf6 4. Nc3 a6 5. e3 Bg4 6. h3 Bh5 7. Qb3 Ra7 8. cxd5 cxd5 9. Qa4+ Nc6 10. Ne5 Qa5 11. Nxc6 Qxa4 12. Nxa4 bxc6 13. Bd3 e6 14. Bd2 Bg6 15. Bxg6 hxg6 16. Rc1 Kd7 17. Nc5+ Bxc5 18. Rxc5 Rb8 19. Rc2 Rab7 20. b3 Rb5 21. f3 Ne8 22. Ke2 Nd6 23. Rhc1 Rc8 24. Kd3 f5 25. Rc5 Rxc5 26. dxc5 Ne8 27. b4 Rb8 28. a3 Nc7 29. Kc3 a5 30. Kb3 axb4 31. axb4 Ra8 32. Bc3 Nb5 33. Ra1 Rxa1 34. Bxa1 Kc8 35. Bxg7 Kb7 36. Be5 Ka6 37. h4 Na7 38. g4 Nc8 39. h5 fxg4 40. fxg4 gxh5 41. gxh5 Ne7 42. h6 Ng6 43. h7 1-0

[Event "3rd Sunway Formentera-A 2024"]
[Site "Formentera"]
[Date "2024.04.17"]
[Round "8.1"]
[White "Ivanchuk, Vasyl"]
[Black "Donchenko, Alexander"]
[Result "1/2-1/2"]
[ECO "B90"]
[WhiteElo "2611"]
[BlackElo "2633"]
[Annotator "TA"]
[PlyCount "108"]
[EventDate "2024.04.03"]
[EventType "swiss"]
[EventCountry "ESP"]
[SourceTitle "playchess.com"]
[Source "ChessBase"]
[SourceQuality "1"]
[TimeControl "40/5400+30:1800+30"]

1. e4 c5 2. Nf3 d6 3. d4 cxd4 4. Nxd4 Nf6 5. Nc3 a6 6. a4 e5 7. Nf3 Be7 8. Bg5 Be6 9. Bxf6 Bxf6 10. Nd5 {[%emt 0:00:04] Against Qb6} Nd7 11. Bc4 Rc8 12. Qe2 Nb6 (12... Bxd5 13. Bxd5 Qc7 14. c3 $14) 13. Nxf6+ Qxf6 14. Bxe6 Qxe6 15. O-O O-O 16. Rfd1 Rc6 17. b3 Nd7 18. Rd2 Rfc8 19. Rad1 Qe7 ({Black should try} 19... Nc5 $11) 20. g3 (20. Ne1 $1 $14) 20... Nc5 $11 21. Rd5 b5 22. axb5 axb5 23. h4 h6 24. h5 Qf6 25. R1d2 b4 26. Nh4 Ne6 27. Nf5 {[%emt 0:00:25] Inhibits Nd4.} (27. Rxd6 Nd4 28. R6xd4 exd4 $17) 27... Nd4 28. Nxd4 exd4 29. Rb5 (29. R5xd4 Rxc2 30. Rxd6 (30. Rxc2 Rxc2 31. Qxc2 Qxd4 $11) 30... Qxd6 31. Rxc2 Rc3 $18) 29... Rc3 30. Rxb4 d3 31. cxd3 {[%emt 0:01:43] Strongly threatening Rc4.} (31. Rxd3 {simplifies} Rxc2 32. Qf3 Qxf3 33. Rxf3 Kf8 34. Kg2) 31... Rc1+ 32. Kh2 {[%emt 0:05:59] Rc4 is the strong threat.} Rb1 ({Black should play} 32... Qa1) 33. Rc4 (33. Rc2 $142 Rxc2 34. Qxc2) 33... Ra8 $16 34. Qg4 Ra5 35. Ra4 ({Better is} 35. d4 $16 Rg5 36. e5 Rxg4 37. Rc8+ (37. exf6 gxf6 38. Rc6 Rxb3 $14) 37... Kh7 38. exf6) 35... Rg5 $11 36. Qe2 {[%emt 0:00:21] Threatening f4.} Qe5 (36... Rc5 {simplifies} 37. Rc2 Rxc2 38. Qxc2 Rb2) 37. Kg2 {[%emt 0:00:14] Hoping for b4.} Rxh5 38. Qf3 {[%emt 0:00:59] [#] Black must now prevent Ra8+.} g6 {[%emt 0:01:24][%cal Oh5h1] ...Rhh1! would now be deadly. The position is equal.} 39. Qg4 Rhh1 40. Ra8+ Kg7 41. Qc8 $1 Rhg1+ 42. Kf3 {[%emt 0:00:24][%csl Ga8][%cal Rc8h8] [#]} Qh5+ (42... Rxb3 43. Qh8#) 43. Kf4 $1 Qe5+ (43... Rxb3 44. Qh8#) (43... g5+ 44. Ke3 Rbe1+ 45. Kd4 $18) 44. Kf3 Qh5+ (44... Rxb3 45. Qh8#) 45. Kf4 $1 Qg5+ (45... Rxb3 46. Qh8#) (45... g5+ $2 46. Ke3 Rge1+ 47. Kd4 $18) 46. Kf3 {[%emt 0:00:07][%csl Ga8][%cal Rc8h8] Chess con chili.} Qf6+ (46... Qxd2 47. Qh8#) 47. Ke3 Qg5+ (47... Rxb3 48. Qh8#) 48. Kf3 Qf6+ (48... Qxd2 49. Qh8#) 49. Ke3 Rge1+ (49... Rxb3 50. Qh8#) 50. Re2 Rxe2+ (50... Qg5+ 51. f4 Qc5+ (51... Qxg3+ 52. Kd4 $16) 52. Qxc5 dxc5 53. Rxe1 Rxe1+ 54. Kf3 $16) 51. Kxe2 Rb2+ ({Worse is} 51... Rxb3 52. Qh8#) 52. Kd1 Rb1+ ({Don't blunder} 52... Qf3+ $2 53. Kc1 Kf6 54. Qh8+ (54. Kxb2 Qxf2+ 55. Ka3 Kg5 $18) 54... Kg5 55. Qxb2 $18) 53. Ke2 Rb2+ (53... Rxb3 54. Qh8#) 54. Kd1 Rb1+ {[%emt 0:00:03] Weighted Error Value: White=0.09 (flawless) /Black=0.07 (flawless) .  Mistake:       	White=3     	Black=2      Inaccurate:     	White=4     	Black=3      OK:         	White=17    	Black=12     Best:        	White=8     	Black=9      Strong:       	White=3     	---} ({Not} 54... Qf3+ $2 55. Kc1 $18) 1/2-1/2

[Event "3rd Sunway Formentera-A 2024"]
[Site "Formentera"]
[Date "2024.04.17"]
[Round "8.2"]
[White "Pranav, V."]
[Black "Xiao, Tong(Qd)"]
[Result "1/2-1/2"]
[ECO "B41"]
[WhiteElo "2604"]
[BlackElo "2484"]
[Annotator "TA"]
[PlyCount "38"]
[EventDate "2024.04.03"]
[EventType "swiss"]
[EventCountry "ESP"]
[SourceTitle "playchess.com"]
[Source "ChessBase"]
[SourceQuality "1"]
[TimeControl "40/5400+30:1800+30"]

1. e4 c5 2. Nf3 e6 3. d4 cxd4 4. Nxd4 a6 5. c4 Nf6 6. Nc3 Bb4 7. Qd3 d5 8. Nc2 (8. exd5 $142 exd5 9. Be2) 8... Bxc3+ $11 9. Qxc3 O-O 10. f3 dxe4 11. Bg5 Nbd7 12. O-O-O Qc7 13. Be2 b6 14. Ne3 Bb7 15. f4 {[%emt 0:07:38] [#]} b5 $1 16. f5 Rac8 17. Kb1 Qb6 18. fxe6 fxe6 19. Qd4 Qxd4 {[%emt 0:05:41] Weighted Error Value: White=0.11 (very precise) /Black=0.06 (flawless) .  Mistake:       	White=1     	---        Inaccurate:     	White=2     	Black=1      OK:         	White=3     	Black=5      Best:        	---       	Black=1} 1/2-1/2

[Event "3rd Sunway Formentera-A 2024"]
[Site "Formentera"]
[Date "2024.04.17"]
[Round "8.3"]
[White "Baklan, Vladimir"]
[Black "Mohamed Anees M"]
[Result "1-0"]
[ECO "B56"]
[WhiteElo "2531"]
[BlackElo "2253"]
[Annotator "TA RC"]
[PlyCount "155"]
[EventDate "2024.04.03"]
[EventType "swiss"]
[EventCountry "ESP"]
[SourceTitle "playchess.com"]
[Source "ChessBase"]
[SourceQuality "1"]
[TimeControl "40/5400+30:1800+30"]

1. e4 c5 2. Nf3 Nc6 3. d4 cxd4 4. Nxd4 Nf6 5. Nc3 d6 6. f3 e5 7. Nb3 Be7 8. Be3 O-O 9. Qd2 a5 10. Bb5 Be6 11. Rd1 Na7 12. Bd3 Nc8 13. O-O a4 {[%emt 0:01:40] The position is equal.} 14. Nc1 Nb6 15. Qf2 Nc4 16. Bxc4 Bxc4 17. Rfe1 Qc8 18. a3 Qe6 19. Nd3 Rfd8 (19... d5 20. exd5 Nxd5 21. Nxd5 Bxd5 22. Bc5 $16) 20. Bg5 Ng4 21. Qd2 {[%emt 0:03:16] [#] Bxe7 is the strong threat.} Bxg5 22. Qxg5 Nf6 23. Nb4 Qc8 24. Rd2 {[%emt 0:03:43] White is more active.} (24. Qe3 {simplifies} Qc7 25. Rd2 Rd7 26. g4) 24... Qc5+ 25. Qe3 Qxe3+ 26. Rxe3 Ra5 27. Re1 Kf8 28. g4 h6 29. h4 g5 30. hxg5 hxg5 31. Nd1 Be6 32. Ne3 Ke7 33. Red1 Rb5 34. Kf2 Rb6 (34... Rc5 $142) 35. Rh1 Rb5 36. Rh6 Rc5 37. Ke1 Rcc8 38. Rdh2 Rc5 39. Rd2 Rcc8 $1 40. Kf2 Rc5 41. Kg3 Rcc8 42. Rh1 Rc5 43. Rhd1 Rb5 44. Rd3 Rc5 45. Kg2 Rcc8 46. R3d2 Rc5 47. Nd3 {[%emt 0:00:14] Excellent horsemanship.} Rcc8 48. Nf2 Rd7 49. Nh1 ({White should play} 49. Nh3 $16) 49... b5 (49... Rc5 $11 {keeps the balance.}) 50. Ng3 $36 {[%emt 0:00:07][%mdl 2048] White is really pushing. Black is on the road to losing.} Rc6 51. Ngf5+ Bxf5 52. Nxf5+ (52. exf5 $6 Rd8 $11) 52... Ke6 53. Rh1 d5 (53... Ng8 $16) 54. Rh6 $18 dxe4 {[%emt 0:07:55] [#]} (54... d4 55. Kg3 Rd8) 55. Rxf6+ $1 Kxf6 56. Rxd7 {[%emt 0:00:04] Hoping for Rd6+.} Rxc2+ {[%emt 0:00:04][%mdl 4096] Endgame. KRN-KR} 57. Kg3 Kg6 58. fxe4 Rxb2 59. Rd5 Rb3+ 60. Kf2 b4 61. Rd6+ (61. Rxe5 Rxa3 62. Re8 b3 $11) 61... Kh7 62. Rh6+ Kg8 63. axb4 a3 (63... Rxb4 {was called for.} 64. Ke3 Rb3+ 65. Ke2 a3) 64. Ra6 Rxb4 65. Ke3 ({Not} 65. Rxa3 Rxe4 66. Ra7 Rf4+ 67. Kg3 e4 $18) 65... Rb3+ 66. Kd2 Rf3 67. Ne3 Rf2+ 68. Kd3 a2 $2 (68... Rf4 69. Rxa3 Kg7) 69. Nf5 Kh7 70. Kc4 Rd2 71. Kc5 Kg8 72. Ra7 Kh8 73. Nd6 (73. Rxf7 {leads to mate.} a1=Q (73... a1=B 74. Kc6 $16) 74. Rf8+ Kh7 75. Rf7+ Kg6 76. Rg7+ Kf6) 73... f6 74. Kc6 {[%emt 0:00:42] White mates.} Rh2 75. Kd5 Rg2 76. Ke6 Rxg4 77. Kxf6 Rg2 78. Kg6 {[%emt 0:00:30] Weighted Error Value: White=0.12 (very precise) /Black=0.16 (very precise) .  Mistake:       	White=1     	Black=6      Inaccurate:     	---       	Black=4      OK:         	White=26    	Black=17     Best:        	White=7     	Black=8      Strong:       	---       	Black=1      Brilliant:      	White=1     	---} 1-0